 Dungeon Crawl Stone Soup version 0.28-a0-1382-g92835e5c71 (webtiles) character file.

Game seed: 13369239768149107110

105 Adrian566 the Skirmisher (level 4, -5/35 HPs)
             Began as a Demonspawn Fighter on Jan 1, 2022.
             Engulfed by a cloud of flame (22 damage)
             ... on level 3 of the Dungeon.
             The game lasted 00:02:33 (3642 turns).

Adrian566 the Skirmisher (Demonspawn Fighter)       Turns: 3642, Time: 00:02:33

Health: -5/35      AC:  6    Str: 18    XL:     4   Next: 53%
Magic:  4/4        EV:  9    Int: 10    God:
Gold:   75         SH:  5    Dex: 12    Spells: 3/3 levels left

rFire   . . .      SeeInvis .   a - +0 long sword
rCold   . . .      Faith    .   c - +1 buckler
rNeg    . . .      Spirit   .   b - +0 scale mail
rPois   .          Reflect  .   (no helmet)
rElec   .          Harm     .   (no cloak)
rCorr   .          Rampage  .   (no gloves)
Will    .....                   (no boots)
Stlth   ..........              (no amulet)
HPRegen 0.11/turn               (no ring)
MPRegen 0.09/turn               (no ring)

@: no status effects
A: hooves 1, foul stench 1
a: no special abilities


You were on level 3 of the Dungeon.
You visited 1 branch of the dungeon, and saw 3 of its levels.

You collected 75 gold pieces.

Inventory:

Hand Weapons
 a - a +0 long sword (weapon)
Armour
 b - a +0 scale mail (worn)
 c - a +1 buckler (worn)
 f - an orb of energy
Wands
 j - a wand of flame (14)
Scrolls
 e - a scroll of teleportation
 k - a scroll of identify
 l - a scroll of noise {unknown}
Potions
 d - a potion of might
 g - 2 potions of haste
 h - 2 potions of curing
 i - a potion of cancellation {unknown}


   Skills:
 + Level 3.5 Fighting
 + Level 2.9 Long Blades
 + Level 3.1 Armour
 + Level 0.8 Dodging
 + Level 0.3 Stealth
 + Level 3.2 Shields


You had 3 spell levels left.
You didn't know any spells.
Your spell library was empty.

Dungeon Overview and Level Annotations

Branches:
Dungeon (3/15)

Altars:


Innate Abilities, Weirdness & Mutations

You have large cloven feet.
You may rarely emit foul miasma when damaged in melee.


Message History

No target in view!
No target in view!
No target in view!
No target in view!
No target in view!
No target in view!
No target in view!
Found an escape hatch in the floor.
There is an escape hatch in the floor here.
You see here a jackal corpse.
Key pressed, stopping explore.
You see here a rat skeleton.
Partly explored, can't reach some items and places.
No target in view!
Partly explored, can't reach some items and places.
Really walk into a travel-excluded area?
You are engulfed in blazing flames.
Ouch! That really hurt!
You are engulfed in blazing flames.
* * * LOW HITPOINT WARNING * * *
You start resting.
You start resting.
You start resting.
You start resting.
HP restored.
Unknown command.
You start waiting.
Done waiting.
You start waiting.
Done waiting.
Unknown command.
Really walk into that cloud of flame? [Y]es or [N]o only, please.
Really walk into that cloud of flame?
Okay, then.
You are engulfed in blazing flames.
Ouch! That really hurt!
You are engulfed in blazing flames.
Ouch! That really hurt!
You die...

#.# #§§§# #.#####...####
#..☼§☼.....§○ #..○.§...(.§
#########..§○☼...!.§.
...†......#####...#
..######### #○°○# ..# #☼☼☼#
### #§@§# #...##########
#.##.#.......# ##
#.##.#.....#.# .#######
######....#.###.#.# .......#
#...##....#.# #.#.#
.#####.###...###.#.#.###.#(#
.# #.#.........#....##...#
.# #.#.#....#..<.##.######


There were no monsters in sight!

Vanquished Creatures
  Jessica (D:3)
  2 adders
  A worm (D:3)
  2 dart slugs
  4 endoplasms
  4 giant cockroaches
  4 goblins
  2 hobgoblins
  5 jackals
  8 kobolds
  3 ball pythons
  4 bats
  6 frilled lizards
  9 rats
55 creatures vanquished.

Notes
Turn   | Place    | Note
-------+----------+-------------------------------------------
     0 | D:1      | Adrian566 the Demonspawn Fighter began the quest for the
                  | Orb.
     0 | D:1      | Reached XP level 1. HP: 18/18 MP: 1/1
   185 | D:1      | Gained mutation: You may rarely emit foul miasma when
                  | damaged in melee. [demonic ancestry]
   185 | D:1      | Reached XP level 2. HP: 10/24 MP: 2/2
  1059 | D:1      | Found a faded altar of an unknown god.
  1397 | D:2      | Gained mutation: You have large cloven feet. [demonic
                  | ancestry]
  1397 | D:2      | Reached XP level 3. HP: 27/29 MP: 3/3
  2365 | D:3      | Noticed Jessica
  2371 | D:3      | Killed Jessica
  2372 | D:3      | Reached XP level 4. HP: 18/35 MP: 4/4
  3642 | D:3      | Engulfed by a cloud of flame

Illustrated notes

Levels and vault maps discovered:
D:1:      pf_arrival_petrified_forest, layout_basic, basic_ecumenical_altar
D:2:      layout_rooms, st_stairs_8, amcnicky_mini_rare_corridor_liquid
D:3:      layout_basic, lemuel_flame_loot_1, uniq_jessica

Skill      XL: |  1  2  3 |
---------------+----------+-----
Shields        | 3 |  3.2
Long Blades    | 2 |  2.9
Armour         | 3 |  3.1
Fighting       | |  3.5
Dodging        | |  0.8
Stealth        | |  0.3

Action                   |  1- 3 |  4- 6 || total
-------------------------+-------+-------++-------
Melee: Long sword        |   147 |    12 ||   159
       Kick              |     8 |     3 ||    11
  Use: Scroll            |     5 |       ||     5
       Potion            |     1 |       ||     1
Armor: Scale mail        |    81 |     3 ||    84
Dodge: Dodged            |    65 |     4 ||    69
Block: Buckler           |    38 |     1 ||    39

Table legend: (Time is in decaauts)
 A = Elapsed time spent in this place.
 B = Non-inter-level travel time spent in this place.
 C = Inter-level travel time spent in this place.
 D = Time resting spent in this place.
 E = Time spent auto-exploring this place.
 F = Levels seen in this place.
 G = Mean time per level.
                   A        B        C        D        E       F      G
               +--------+--------+--------+--------+--------+-----+--------+
         Total |   3673 |   3465 |    208 |    475 |   2572 |   3 | 1224.3 |
       Dungeon |   3673 |   3465 |    208 |    475 |   2572 |   3 | 1224.3 |
               +--------+--------+--------+--------+--------+-----+--------+

Top non-repeatable levels by time:
     D:3: 1650 daAuts
     D:1: 1421 daAuts
     D:2: 602 daAuts
